 Dungeon Sprint DCSS version 0.20-a0-641-g673355a (webtiles) character file.

2790 Kidiri the Thaumaturge (level 9, 0/55 HPs)
             Began as a Deep Elf Fire Elementalist on Feb 13, 2017.
             Was a Priest of Vehumet.
             Slain by an unseen horror (6 damage)
             ... in the Dungeon (Sprint III: "The Ten Rune Challenge").
             The game lasted 00:14:42 (1724 turns).

Kidiri the Thaumaturge (Deep Elf Fire Elementalist) Turns: 1724, Time: 00:14:43

Health: 0/55       AC:  4    Str:  3    XL:     9   Next: 43%
Magic:  3/25       EV: 18    Int: 22    God:    Vehumet [***...]
Gold:   32         SH:  0    Dex: 15    Spells: 10/35 levels left

rFire    . . .     SeeInvis .   m - +0 dagger
rCold    + . .     Gourm    .   e - +2 robe {rC+}
rNeg     . . .     Faith    .   (no shield)
rPois    .         Spirit   .   (no helmet)
rElec    .         Reflect  .   (no cloak)
rCorr    .         Harm     .   (no gloves)
MR       .....     Clarity  +   (no boots) Stlth ++........NoTele +
                                (no amulet)
Regen    0.2/turn               (no ring)
MPRegen  0.2/turn               (no ring)

@: no status effects
A: blink, clarity, dopey 1, low mp 1, sense surroundings 1, weak 1
a: Blink, Renounce Religion


You were in the Dungeon.
You worshipped Vehumet.
Vehumet was most pleased with you.
You were not hungry.

You visited 1 branch You collected 32 gold pieces.

Inventory:

Hand Weapons
 m - a +0 dagger (weapon)
Armour
 e - a +2 robe of cold resistance (worn)
Scrolls
 i - a scroll of blinking
 l - a scroll of torment
 n - 2 scrolls of remove curse
 q - a scroll of holy word
Potions
 d - 2 potions of curing
 f - a potion of haste
 g - 2 potions of magic
 h - 3 potions of berserk rage
 p - 2 potions of flight
Comestibles
 c - a bread ration


   Skills:
 + Level 6.0 Fighting
 + Level 6.1 Short Blades
 + Level 6.0 Armour
 + Level 9.2 Dodging
 - Level 2.4 Stealth
 * Level 13.5 Spellcasting
 + Level 8.2 Conjurations
 + Level 8.8 Fire Magic
 + Level 4.5 Ice Magic
 + Level 4.7 Air Magic
 + Level 5.0 Poison Magic


You had 10 spell levels left.
You knew the following spells:

 Your Spells              Type           Power        Failure   Level  Hunger
a - Flame Tongue          Conj/Fire      #####        1%          1    None
b - Throw Flame           Conj/Fire      ######       1%          2    None
c - Conjure Flame         Conj/Fire      ######..     1%          3    None
d - Inner Flame           Hex/Fire       ####....     1%          3    None
e - Sticky Flame          Conj/Fire      ######..     1%          4    None
f - Fireball              Conj/Fire      ######....   1%          5    ###....
g - Mephitic Cloud        Conj/Pois/Air  #####...     1%          3    None
h - Freeze                Ice            ####         1%          1    None
i - Dazzling Spray        Conj/Hex       ####..       1%          3    None


Dungeon Overview and Level Annotations

Branches:
Dungeon (1/1)

Altars:
Cheibriados
Dithmenos
Elyvilon
Fedhas
Gozag
Hepliaklqana
Kikubaaqudgha
Makhleb
Nemelex Xobeh
Okawaru
Qazlal
Ru
Sif Muna
Trog
Uskayaw
Vehumet
Xom
Yredelemnul
Zin
The Shining One
Beogh
Jiyva
Lugonu


Innate Abilities, Weirdness & Mutations

You can translocate small distances at will.
You possess an exceptional clarity of mind.
You are dopey. (Int -2)
Your magical capacity is low. (-10% MP)
You passively map a small area around you.
You are weak. (Str -2)


Message History

Press: ? - help, Shift-Dir - straight line The flame tongue hits something.
Something hits you!
Casting: Flame Tongue
Confirm with . or Enter, or press ? or * to list all spells.
Aiming: Sticky Flame
Press: ? - help, Shift-Dir - straight line Something hits you!
* * * LOW HITPOINT WARNING * * *
Something hits you.
* * * LOW HITPOINT WARNING * * *
Unknown command.
Casting: Sticky Flame
Confirm with . or Enter, or press ? or * to list all spells.
Aiming: Sticky Flame
Press: ? - help, Shift-Dir - straight line The sticky flame hits something.
The unseen horror is covered in liquid flames!
An unseen horror comes into view.
The unseen horror burns!
The unseen horror hits you.
You die...

## , * _# * , * , _#
,, ,, ,, , , ## * ≈ ,
, .# ,, ,, , *, , .#
, ,* , '# ** , ** **
* .#+###############
* * **
.#.§§§§§§#('.).+@#,
,*
)#.#§§≈#§#.#)).##x#,*
.'.#§§§#§#.#...# #.#,
, .#.#§§§#...#...#
,#.# ▓▓▓▓▓▓▓▓▓▓▓▓▓▓▓#
#.# * , , , * #.#* ≈
,, *, ,#.# * * ,, ##
* *


You could see an unseen horror (burning).

Vanquished Creatures
  Josephine (D)
  A centaur warrior (D)
  A deep elf mage (D)
  A shadow (D)
  A spatial vortex (D)
  A necrophage (D)
  2 centaurs (D)
  A water elemental (D)
  A jelly (D)
  A wizard (D)
  Jessica (D)
  A necromancer (D)
  A kobold demonologist (D)
  3 humans (D)
  A wolf (D)
  3 rats (D)
21 creatures vanquished.

Vanquished Creatures (others)
  2 draconian scorchers (D)
  6 hellions (D)
  3 yaktaurs (D)
  2 plants (D)
13 creatures vanquished.

Grand Total: 34 creatures vanquished

Notes
Turn   | Place    | Note
-------+----------+-------------------------------------------
     0 | D        | Kidiri the Deep Elf Fire Elementalist began the quest for the Orb.
     0 | D        | Reached XP level 1. HP: 10/10 MP: 6/6
    35 | D        | Noticed Jessica
    37 | D        | Killed Jessica
    37 | D        | Reached skill level 1 in Fighting
    37 | D        | Reached skill level 1 in Armour
    37 | D        | Reached skill level 5 in Spellcasting
    37 | D        | Reached XP level 2. HP: 16/16 MP: 2/10
    41 | D        | Learned a level 2 spell: Throw Flame
   110 | D        | Killed a hellion
   111 | D        | Killed a hellion
   111 | D        | Killed a hellion
   111 | D        | Killed a hellion
   111 | D        | Killed a hellion
   133 | D        | Reached XP level 3. HP: 9/21 MP: 0/12
   138 | D        | Learned a level 3 spell: Conjure Flame
   142 | D        | Learned a level 3 spell: Inner Flame
   172 | D        | Killed a yaktaur
   212 | D        | Killed a white draconian scorcher
   236 | D        | Killed a hellion
   304 | D        | Killed a white draconian scorcher
   315 | D        | Reached skill level 6 in Spellcasting
   348 | D        | Gained mutation: You evolve. [potion of mutation]
   348 | D        | Gained mutation: You have sharp fingernails. [potion of mutation]
   348 | D        | Gained mutation: You passively map a small area around you. [potion of mutation]
   349 | D        | Lost mutation: You passively map a small area around you. [potion of mutation]
   349 | D        | Lost mutation: You evolve. [potion of mutation]
   349 | D        | Lost mutation: You have sharp fingernails. [potion of mutation]
   349 | D        | Gained mutation: You are dopey. (Int -2) [potion of mutation]
   349 | D        | Gained mutation: Your flesh is cold resistant. (rC+) [potion of mutation]
   349 | D        | Gained mutation: You are resistant to electric shocks. (rElec) [potion of mutation]
   349 | D        | Gained mutation: You passively map a small area around you. [potion of mutation]
   350 | D        | Lost mutation: Your flesh is cold resistant. (rC+) [potion of mutation]
   350 | D        | Lost mutation: You are resistant to electric shocks. (rElec) [potion of mutation]
   350 | D        | Gained mutation: Your magical capacity is low. (-10% MP) [potion of mutation]
   350 | D        | Gained mutation: You are weak. (Str -2) [potion of mutation]
   350 | D        | Gained mutation: You possess an exceptional clarity of mind. [potion of mutation]
   350 | D        | Gained mutation: You can translocate small distances at will. [potion of mutation]
   368 | D        | Noticed a water elemental
   371 | D        | Killed a water elemental
   371 | D        | Reached skill level 7 in Spellcasting
   371 | D        | Reached skill level 5 in Fire Magic
   371 | D        | Reached XP level 4. HP: 27/27 MP: 6/13
   377 | D        | Learned a level 4 spell: Sticky Flame
   431 | D        | Found a radiant altar of Vehumet.
   432 | D        | Found a deep blue altar of Sif Muna.
   432 | D        | Found an ancient bone altar of Kikubaaqudgha.
   432 | D        | Noticed a wizard
   433 | D        | Killed a wizard
   433 | D        | Reached skill level 5 in Dodging
   433 | D        | Reached XP level 5. HP: 32/32 MP: 9/15
   436 | D        | Reached skill level 8 in Spellcasting
   451 | D        | Learned a level 5 spell: Fireball
   453 | D        | Became a worshipper of Vehumet
   528 | D        | Found a glowing silver altar of Zin.
   529 | D        | Found a glowing golden altar of the Shining One.
   529 | D        | Found a white marble altar of Elyvilon.
   529 | D        | Noticed a deep elf mage
   534 | D        | Killed a deep elf mage
   534 | D        | Reached skill level 10 in Spellcasting
   534 | D        | Reached XP level 6. HP: 39/39 MP: 8/19
   534 | D        | Reached XP level 7. HP: 44/44 MP: 8/21
   539 | D        | Learned a level 3 spell: Mephitic Cloud
   620 | D        | Found a hide-covered altar of Uskayaw.
   620 | D        | Found a roughly hewn altar of Beogh.
   620 | D        | Found an iron altar of Okawaru.
   620 | D        | Found a bloodstained altar of Trog.
   620 | D        | Noticed a human
   622 | D        | Noticed a human
   626 | D        | Killed a human
   626 | D        | Reached skill level 11 in Spellcasting
   626 | D        | Reached skill level 1 in Air Magic
   626 | D        | Reached skill level 1 in Poison Magic
   633 | D        | Killed a human
   633 | D        | Reached * piety under Vehumet
   633 | D        | Offered knowledge of Freeze by Vehumet.
   636 | D        | Learned a level 1 spell: Freeze
   738 | D        | Found a basalt altar of Yredelemnul.
   738 | D        | Found a shadowy altar of Dithmenos.
   738 | D        | Found a sacrificial altar of Ru.
   862 | D        | Offered knowledge of Throw Frost by Vehumet.
   862 | D        | Reached ** piety under Vehumet
   862 | D        | Reached skill level 1 in Ice Magic
   864 | D        | Noticed a shadow
   870 | D        | Killed a shadow
   870 | D        | Reached skill level 5 in Fighting
   870 | D        | Reached skill level 5 in Armour
   870 | D        | Reached XP level 8. HP: 47/49 MP: 12/23
   938 | D        | Found a blossoming altar of Fedhas.
   938 | D        | Found a stormy altar of Qazlal.
   938 | D        | Found a snail-covered altar of Cheibriados.
   938 | D        | Found a burning altar of Makhleb.
   938 | D        | Found a shimmering altar of Xom.
   939 | D        | Found a hazy altar of Hepliaklqana.
   939 | D        | Found an opulent altar of Gozag.
   939 | D        | Found a sparkling altar of Nemelex Xobeh.
   939 | D        | Found a corrupted altar of Lugonu.
   939 | D        | Found a viscous altar of Jiyva.
   958 | D        | Reached skill level 12 in Spellcasting
  1129 | D        | Noticed Josephine
  1147 | D        | Killed Josephine
  1147 | D        | Offered knowledge of Dazzling Spray by Vehumet.
  1147 | D        | Reached skill level 5 in Short Blades
  1147 | D        | Reached XP level 9. HP: 44/54 MP: 7/25
  1152 | D        | Learned a level 3 spell: Dazzling Spray
  1170 | D        | Killed a yaktaur
  1219 | D        | Killed a yaktaur
  1439 | D        | Noticed a centaur warrior
  1441 | D        | Reached *** piety under Vehumet
  1444 | D        | Killed a centaur warrior
  1444 | D        | Reached skill level 13 in Spellcasting
  1444 | D        | Reached skill level 5 in Poison Magic
  1448 | D        | Offered knowledge of Fulminant Prism by Vehumet.
  1724 | D        | Noticed an unseen horror
  1724 | D        | Slain by an unseen horror

Vault maps used:
D:        dungeon_sprint_mu

Skill      XL: |  1  2  3  4  5  6  7  8  9 |
---------------+----------------------------+-----
Fighting       | 1 2 4 5 6 |  6.0
Armour         | 1 2 4 5 6 |  6.0
Dodging        | 3 4 5 7 8 9 |  9.2
Spellcasting   | 5 7 10 11 12 13 | 13.5
Conjurations   | 2 3 4 6 7 8 |  8.2
Fire Magic     | 4 5 7 8 |  8.8
Short Blades   | 3 4 5 6 |  6.1
Air Magic      | 2 3 4 |  4.7
Poison Magic   | 2 4 5 |  5.0
Ice Magic      | 1 3 4 |  4.5
Stealth        | |  2.4

Action                   |  1- 3 |  4- 6 |  7- 9 || total
-------------------------+-------+-------+-------++-------
Melee: Dagger            |       |       |     4 ||     4
 Cast: Flame Tongue      |    18 |     5 |    52 ||    75
       Throw Flame       |     3 |       |     2 ||     5
       Conjure Flame     |     1 |       |     3 ||     4
       Sticky Flame      |       |     3 |    11 ||    14
       Mephitic Cloud    |       |       |     4 ||     4
       Dazzling Spray    |       |       |    10 ||    10
       Fireball          |       |       |     2 ||     2
  Use: Scroll            |     4 |       |       ||     4
       Potion            |     3 |       |     1 ||     4
 Stab: Confused          |       |       |     2 ||     2
  Eat: Royal jelly       |       |       |     3 ||     3
Armor: Robe              |       |       |     2 ||     2
Dodge: Dodged            |     5 |     2 |    11 ||    18
